 Dungeon Crawl Stone Soup version 0.30-a0-757-ga6a79fd877 (webtiles) character file.

Game seed: 15693007626501731237

353 bande the Covered (level 6, -3/39 HPs)
             Began as a Gargoyle Fighter on Feb 10, 2023.
             Slain by a killer bee (6 damage)
             ... on level 4 of the Dungeon.
             The game lasted 00:05:38 (3162 turns).

bande the Covered (Gargoyle Fighter)                Turns: 3162, Time: 00:05:38

Health: -3/39      AC: 17    Str: 20    XL:     6   Next: 62%
Magic:  6/6        EV:  7    Int:  8    God:
Gold:   194        SH:  4    Dex: 11    Spells: 5/5 levels left

rFire   . . .      SeeInvis .    a - +0 war axe
rCold   . . .      Faith    .    c - +0 buckler
rNeg    + . .      Spirit   .    q - +0 chain mail
rPois   ∞          Reflect  .    u - +0 helmet
rElec   +          Harm     .    B - +0 cloak
rCorr   .          Rampage  .    f - +0 pair of gloves
Will    .....                    (no boots) Stlth
                                 (no amulet)
HPRegen 0.26/turn                (no ring)
MPRegen 0.10/turn                (no ring)

@: no status effects
A: sickness immunity, AC +4, negative energy resistance 1, electricity
resistance, torment resistance 1, petrification resistance
a: no special abilities


You were on level 4 of the Dungeon.
You visited 1 branch of the dungeon, and saw 4 of its levels.

You collected 194 gold pieces.

Inventory:

Hand Weapons
 a - a +0 war axe (weapon)
 l - a +0 flail of holy wrath
Missiles
 j - a throwing net (quivered)
Armour
 c - a +0 buckler (worn)
 f - a +0 pair of gloves (worn)
 q - a +0 chain mail (worn)
 u - a +0 helmet (worn)
 B - a +0 cloak (worn)
Jewellery
 z - a +4 ring of protection
Scrolls
 b - a scroll of blinking {unknown}
 e - a scroll of magic mapping {unknown}
 h - 2 scrolls of fog {unknown}
 i - 2 scrolls of identify {unknown}
 m - a scroll of acquirement {unknown}
 n - 2 scrolls of torment {unknown}
 o - 2 scrolls of poison {unknown}
 v - a scroll of summoning {unknown}
 w - a scroll of noise {unknown}
 x - a scroll of enchant armour {unknown}
 y - a scroll of teleportation {unknown}
 A - a scroll of fear {unknown}
Potions
 d - a potion of might
 g - a potion of curing
 k - a potion of cancellation {unknown}
 p - a potion of magic {unknown}
 r - a potion of attraction {unknown}
 s - a potion of berserk rage {unknown}
 t - a potion of flight {unknown}


   Skills:
 + Level 4.4 Fighting
 + Level 4.5 Axes
 + Level 4.5 Armour
 - Level 0.3 Dodging
 + Level 3.9 Shields


You had 5 spell levels left.
You didn't know any spells.
Your spell library contained the following spells:

 Spells                   Type           Power      Damage    Failure   Level
 Freeze                   Ice            0%         1d3       99%         1
 Slow                     Hex            0%         N/A       99%         1
 Confusing Touch          Hex            0%         N/A       100%        3
 Frozen Ramparts          Ice            0%         1d1       100%        3
 Hailstorm                Conj/Ice       0%         3d3       100%        3
 Ignite Poison            Fire/Tmut/Pois 0%         N/A       100%        3
 Vampiric Draining        Necr           0%         2d6       100%        3
 Ice Form                 Ice/Tmut       0%         N/A       100%        4
 Sticky Flame             Conj/Fire      0%         2d3       100%        4
 Simulacrum               Ice/Necr       0%         N/A       100%        6
 Ignition                 Fire           0%         3d3       100%        8


Dungeon Overview and Level Annotations

Branches:
Dungeon (4/15)             Temple (0/1) D:4

Altars:


Innate Abilities, Weirdness & Mutations

You are immune to sickness and miasma.
Your stone body is resilient. (AC +4)
You are immune to poison.
You resist negative energy. (rN+)
You are resistant to electric shocks. (rElec)
You are resistant to unholy torment.
You are immune to petrification.


Message History

You block the killer bee's attack. The killer bee barely misses you.
The killer bee completely misses you.
The killer bee moves out of view.
The killer bee stings you. x2
The killer bee stings you but does no damage.
The killer bee attacks as you move away!
The killer bee stings you but does no damage. x2
Found a viscous dark potion and a potion of curing.
The killer bee stings you.
You hit the killer bee.
The killer bee is heavily wounded.
The killer bee stings you. You block the killer bee's attack.
You hit the killer bee.
The killer bee is lightly wounded.
You miss the killer bee. The killer bee stings you.
The killer bee barely misses you.
The killer bee stings you but does no damage. x3
The killer bee stings you.
* * * LOW HITPOINT WARNING * * *
You barely miss the killer bee.
The killer bee is lightly wounded.
You closely miss the killer bee. The killer bee stings you.
* * * LOW HITPOINT WARNING * * *
You block the killer bee's attack. The killer bee barely misses you.
The killer bee stings you but does no damage.
The killer bee stings you.
* * * LOW HITPOINT WARNING * * *
You block the killer bee's attack.
You hit the killer bee but do no damage.
The killer bee is lightly wounded.
You closely miss the killer bee. The killer bee barely misses you. x2
The killer bee stings you but does no damage.
You block the killer bee's attack.
You closely miss the killer bee.
The killer bee is lightly wounded.
You hit the killer bee but do no damage.
The killer bee stings you.
* * * LOW HITPOINT WARNING * * *
The killer bee stings you but does no damage. x2
The killer bee closely misses you. The killer bee stings you.
You die...

#.###..####... . !.#
#............. #. #.#
#........... #.# #.#
###...###.## !.. #.#
##.## #.## #.##.# ##.##
#... #.#.# ##...# ####
##..# ##....#
#.y@#####.....###
#.##.##y##............
.....##y##......≈≈≈≈≈..
#...........≈≈≈≈≈≈≈~≈
#.#..##.##y.≈≈≈≈≈≈≈≈~~≈
#....##.##.≈≈≈≈≈≈≈≈≈~≈≈
.>......)..≈≈≈≈≈≈...≈≈≈
##....####.≈≈≈≈≈≈.>.≈≈
..#.#. #.≈≈≈≈≈≈...≈


You could see 3 killer bees.

Vanquished Creatures
  A killer bee (D:4)
  Crazy Yiuf (D:3)
  An orc priest (D:4)
  Jessica (D:3)
  An iguana (D:4)
  An orc wizard (D:4)
  Robin (D:3)
  5 adders
  4 worms
  A dart slug (D:3)
  10 orcs
  4 endoplasms
  3 giant cockroaches (D:1)
  17 goblins
  6 hobgoblins
  11 jackals
  4 kobolds
  A quokka (D:2)
  8 ball pythons
  4 bats
  4 frilled lizards
  8 rats
97 creatures vanquished.

Vanquished Creatures (others)
  4 plants (D:2)
4 creatures vanquished.

Grand Total: 101 creatures vanquished

Notes
Turn   | Place    | Note
-------+----------+-------------------------------------------
     0 | D:1      | bande the Gargoyle Fighter began the quest for the Orb.
     0 | D:1      | Reached XP level 1. HP: 14/14 MP: 1/1
   355 | D:1      | Reached XP level 2. HP: 15/19 MP: 2/2
   800 | D:1      | Reached XP level 3. HP: 23/23 MP: 3/3
  1426 | D:2      | Reached XP level 4. HP: 26/29 MP: 4/4
  2097 | D:3      | Noticed Robin
  2114 | D:3      | Killed Robin
  2195 | D:3      | Reached XP level 5. HP: 33/33 MP: 5/5
  2228 | D:3      | Noticed Jessica
  2234 | D:3      | Killed Jessica
  2317 | D:3      | Found a runed translucent door.
  2318 | D:3      | Noticed Crazy Yiuf
  2739 | D:3      | Killed Crazy Yiuf
  3023 | D:4      | Found a staircase to the Ecumenical Temple.
  3041 | D:4      | Reached XP level 6. HP: 29/38 MP: 6/6
  3162 | D:4      | Slain by a killer bee

Illustrated notes

Levels and vault maps discovered:
D:1:      mrwooster_arrival_arrow, layout_loops_corners, minmay_pentomino_q4
D:2:      layout_loops_cross, serial_bayou_pond_a
D:3:      layout_basic, corner_web_ring, uniq_crazy_yiuf_cottage, uniq_robin,
          uniq_jessica
D:4:      layout_loops_cross, okawaru_trees_1, temple_pool_b, serial_shops,
          shop, minmay_manual_macuahuitl

Skill      XL: |  1  2  3  4  5 |
---------------+----------------+-----
Axes           | 2 3 4 |  4.5
Armour         | 4 |  4.5
Fighting       | 4 |  4.4
Dodging        | |  0.3
Shields        | |  3.9

Action                     |  1- 3 |  4- 6 || total
---------------------------+-------+-------++-------
  Melee: War axe           |   114 |   218 ||   332
    Use: Potion            |       |     1 ||     1
 Armour: Scale mail        |    81 |       ||    81
         Chain mail        |    22 |   163 ||   185
  Dodge: Dodged            |    96 |    81 ||   177
  Block: Buckler           |    29 |    52 ||    81

Table legend: (Time is in decaauts)
 A = Elapsed time spent in this place.
 B = Non-inter-level travel time spent in this place.
 C = Inter-level travel time spent in this place.
 D = Time resting spent in this place.
 E = Time spent auto-exploring this place.
 F = Levels seen in this place.
 G = Mean time per level.
                   A        B        C        D        E       F      G
               +--------+--------+--------+--------+--------+-----+--------+
         Total |   3297 |   3218 |     79 |    520 |   1918 |   4 |  824.2 |
       Dungeon |   3297 |   3218 |     79 |    520 |   1918 |   4 |  824.2 |
               +--------+--------+--------+--------+--------+-----+--------+

Top non-repeatable levels by time:
     D:1: 1160 daAuts
     D:2: 1001 daAuts
     D:3: 951 daAuts
     D:4: 184 daAuts
